 Dungeon Crawl Stone Soup version 0.31-a0-230-g09eb5fc4d3 (webtiles) character file.

Game seed: 10016858985359993976

186 qw the Shooter (level 5, -4/45 HPs)
             Began as a Minotaur Hexslinger on July 6, 2023.
             Killed from afar by an orc wizard (7 damage)
             ... with a magic dart
             ... on level 4 of the Dungeon.
             The game lasted 00:01:09 (2958 turns).

qw the Shooter (Minotaur Hexslinger)                Turns: 2958, Time: 00:01:09

Health: -4/45      AC:  5    Str: 13    XL:     5   Next: 38%
Magic:  5/5        EV: 11    Int: 10    God:
Gold:   194        SH:  0    Dex: 14    Spells: 5/6 levels left

rFire   . . .        Y - +1 sling
rCold   . . .        (no shield)
rNeg    . . .        h - +0 ring mail
rPois   .            (helmet restricted)
rElec   .            (no cloak)
rCorr   .            (no gloves)
SInv    .            (no boots)
Will    .....        (no amulet)
Stlth   +            (no ring)
HPRegen 0.27/turn    (no ring)
MPRegen 0.09/turn

%: no passive effects
@: no status effects
A: horns 2, retaliatory headbutt
a: no special abilities


You were on level 4 of the Dungeon.
You visited 1 branch of the dungeon, and saw 4 of its levels.

You collected 194 gold pieces.


Innate Abilities, Weirdness & Mutations

You have a pair of horns on your head.
You reflexively headbutt those who attack you in melee.


   Skills:
 - Level 3.2 Fighting
 + Level 5.4 Ranged Weapons
 - Level 1.0 Armour
 - Level 2.1 Dodging
 - Level 1.0 Spellcasting
 - Level 2.0 Hexes


You had 5 spell levels left.
You knew the following spells:

 Your Spells              Type           Power      Damage    Failure   Level
a - Slow                  Hex            16%        N/A       32%         1

Your spell library contained the following spells:

 Spells                   Type           Power      Damage    Failure   Level
 Inner Flame              Hex/Fire       2%         N/A       82%         3
 Portal Projectile        Hex/Tloc       4%         N/A       82%         3
 Cause Fear               Hex            2%         N/A       97%         4

Inventory:

Hand Weapons
 Y - a +1 sling (weapon)
Armour
 h - a +0 ring mail (worn)
Scrolls
 a - 2 scrolls of enchant armour
 b - a scroll of identify
 c - a scroll of teleportation
Potions
 d - a potion of might
 g - 2 potions of enlightenment

Dungeon Overview and Level Annotations

Branches:
Dungeon (4/15)
 Temple: D:4-7

Altars:
Kikubaaqudgha


Message History

Something hits you.
The orc hits you from afar with a +0 trident.
You shoot a sling bullet.
The sling bullet closely misses the orc.
Something hits you. x2; The orc closely misses you.
You shoot a sling bullet. The sling bullet hits the orc.
The orc is severely wounded.
You hear some strange, mumbled words.
A magic dart appears from out of thin air!
The magic dart hits you. Something hits you but does no damage.
The orc barely misses you.
You shoot a sling bullet.
The sling bullet closely misses the orc.
Something hits you but does no damage. x2; The orc closely misses you.
The orc misses you.
Something hits you but does no damage. x2
You shoot a sling bullet. The sling bullet hits the orc!
You kill the orc!
Something hits you but does no damage.
You hear some strange, mumbled words.
Something tries to affect you, but you resist.
You shoot a sling bullet. Something hits you.
Something hits you but does no damage.
You shoot a sling bullet. Something hits you.
Something hits you but does no damage.
You shoot a sling bullet. Something hits you but does no damage.
Something hits you.
Something hits you but does no damage. x2
You shoot a sling bullet. Something hits you.
You hear some strange, mumbled words.
A magic dart appears from out of thin air!
The magic dart hits you!
You shoot a sling bullet.
You hear some strange, mumbled words.
A puff of flame appears from out of thin air!
The puff of flame hits you but does no damage.
You hear some strange, mumbled words.
A magic dart appears from out of thin air!
The magic dart hits you!
You die...

# #.#.#.#######
#####.....#
.....##.######
####.#.#.....# #+## ##
#.##.####.# #...## .#
#.#######.# #.....# .#
#.# ##.#.# ##.......
.###.####..).###{.......
..............)'@.......
.............###{.......
#####.####...# ##.......
# # # ##..# #.....# #
...# #...## # ##.## #+##
# #.# # #. #


There were no monsters in sight!

Vanquished Creatures
  An orc priest (D:4)
  An orc wizard (D:4)
  A gnoll (D:2)
  3 adders
  3 worms
  2 dart slugs
  6 orcs
  6 bats
  8 endoplasms
  5 giant cockroaches
  2 goblins
  5 hobgoblins
  11 jackals
  3 kobolds
  A quokka (D:1)
  4 ball pythons
  3 frilled lizards
  6 rats
71 creatures vanquished.

Notes
Turn   | Place    | Note
-------+----------+-------------------------------------------
     0 | D:1      | qw the Minotaur Hexslinger began the quest for the Orb.
     0 | D:1      | Reached XP level 1. HP: 16/16 MP: 1/1
     0 | D:1      | 0 ||| qw: Version: 0.3-a-46-gb1f654a
     0 | D:1      | 0 ||| qw: Game counter: 1759
     0 | D:1      | 0 ||| qw: Melee chars always use a shield: true
     0 | D:1      | 0 ||| qw: God list: Okawaru
     0 | D:1      | 0 ||| qw: Allow faded altars: false
     0 | D:1      | 0 ||| qw: Do Orc after clearing Dungeon:15 true
     0 | D:1      | 0 ||| qw: Do second Lair branch before Depths: true
     0 | D:1      | 0 ||| qw: Lair rune preference: random
     0 | D:1      | 0 ||| qw: Goals: Normal
     0 | D:1      | 0 ||| PLANNING D:1-11
   155 | D:1      | Reached skill level 3 in Ranged Weapons
   206 | D:1      | Reached XP level 2. HP: 19/23 MP: 2/2
   270 | D:1      | HP: 6/24 [giant cockroach (1)]
   272 | D:1      | HP: 2/24 [giant cockroach (1)]
   892 | D:1      | 892 ||| UPGRADING to +0 leather armour.
   902 | D:1      | 902 ||| DROPPING +0 robe.
   903 | D:1      | 903 ||| READING 2 scrolls labelled TUXIVE NOUN.
   904 | D:1      | 904 ||| READING scroll labelled BEFINE QUT KUL.
   909 | D:1      | 909 ||| READING scroll labelled LOSUNUTASY.
   910 | D:1      | 910 ||| READING 2 scrolls labelled QUNURU AMYASAR.
   911 | D:1      | 911 ||| DROPPING scroll of poison.
   912 | D:1      | 912 ||| DROPPING scroll of vulnerability.
  1029 | D:2      | Reached XP level 3. HP: 26/29 MP: 3/3
  1194 | D:2      | Reached skill level 4 in Ranged Weapons
  1522 | D:2      | Reached XP level 4. HP: 36/36 MP: 4/4
  1590 | D:2      | 1590 ||| Stepping ~*~*~tactically~*~*~ (outnumbered).
  1594 | D:2      | HP: 7/36 [gnoll/+0 halberd (13)]
  1595 | D:2      | 1595 ||| READING scroll of teleportation.
  1596 | D:2      | 1596 ||| Stepping ~*~*~tactically~*~*~ (outnumbered).
  1876 | D:2      | Found a faded altar of an unknown god.
  2005 | D:2      | 2005 ||| UPGRADING to +0 ring mail.
  2015 | D:2      | 2015 ||| DROPPING +0 leather armour.
  2016 | D:2      | 2016 ||| READING scroll labelled ELU TUCEOBB.
  2017 | D:2      | 2017 ||| DRINKING 2 fizzy inky potions.
  2018 | D:2      | 2018 ||| DRINKING 3 inky potions.
  2019 | D:2      | 2019 ||| DRINKING 3 sapphire potions.
  2020 | D:2      | 2020 ||| DROPPING potion of attraction.
  2098 | D:3      | Reached skill level 1 in Armour
  2145 | D:3      | Reached skill level 5 in Ranged Weapons
  2725 | D:3      | Found an ancient bone altar of Kikubaaqudgha.
  2867 | D:3      | 2867 ||| READING scroll labelled YJEN VEDIOTIS.
  2868 | D:3      | 2868 ||| READING 3 scrolls of identify.
  2868 | D:3      | 2868 ||| IDENTIFYING coppery potion
  2869 | D:3      | 2869 ||| READING 2 scrolls of identify.
  2869 | D:3      | 2869 ||| IDENTIFYING murky ruby potion
  2870 | D:3      | 2870 ||| DROPPING potion of brilliance.
  2920 | D:4      | Reached skill level 3 in Fighting
  2920 | D:4      | Reached XP level 5. HP: 45/45 MP: 5/5
  2940 | D:4      | 2940 ||| DRINKING 2 potions of curing.
  2940 | D:4      | 2940 ||| (to cure confusion)
  2943 | D:4      | 2943 ||| DRINKING potion of curing.
  2943 | D:4      | 2943 ||| (to cure confusion)
  2957 | D:4      | HP: 3/45 [something/magic dart (9)]
  2958 | D:4      | Killed from afar by an orc wizard

Levels and vault maps discovered:
D:1:      minmay_arrival_loop, layout_basic, minmay_misc_feat_tiny,
          minmay_misc_feat_plants
D:2:      layout_loops_ring, shapermc_ecumenical_altar_mp_urbaneastern,
          serial_bayou_pond_c
D:3:      layout_loops_cross, marbit_many_paths, serial_aquarium,
          aquarium_bridge_straight [aquarium_subvault_bridge,
          aquarium_subvault_window, aquarium_subvault_bridge,
          aquarium_subvault_balcony], aquarium_window_2, aquarium_window_corner,
          aquarium_view_2a, aquarium_balcony_double_4
D:4:      cheibrodos_greedy_goblins, layout_loops_corners

Skill      XL: |  1  2  3  4 |
---------------+-------------+-----
Ranged Weapons | 3 4 5 |  5.4
Fighting       | 2 3 |  3.2
Armour         | 1 |  1.0
Dodging        | |  2.1
Spellcasting   | |  1.0
Hexes          | |  2.0

Action                     |  1- 3 |  4- 6 || total
---------------------------+-------+-------++-------
   Fire: Sling             |   137 |   148 ||   285
    Use: Scroll            |     4 |     5 ||     9
         Potion            |       |     5 ||     5
 Armour: Robe              |    12 |       ||    12
         Leather armour    |     6 |     1 ||     7
         Ring mail         |       |    52 ||    52
  Dodge: Dodged            |    70 |    55 ||   125

Table legend:
 A = Non-vault XP
 B = Vault XP
 C = Vault XP percentage of total XP
 D = Non-vault monster count
 E = Vault monster count
 F = Vault count percentage of total count
                 A         B        C        D         E       F
            +---------+---------+-------+---------+---------+-------
      Total |     265 |       2 |   0.7 |      70 |       1 |   1.4
            +---------+---------+-------+---------+---------+-------
        D:1 |      38 |       0 |   0.0 |      23 |       0 |   0.0
        D:2 |      94 |       0 |   0.0 |      26 |       0 |   0.0
        D:3 |      47 |       2 |   4.1 |      16 |       1 |   5.9
        D:4 |      86 |       0 |   0.0 |       5 |       0 |   0.0
            +---------+---------+-------+---------+---------+-------
